 Dungeon Crawl Stone Soup version 0.24-a0-441-g27f0392e16 (webtiles) character file.

Game seed: 14135262910774223876

239 forest the Covert (level 5, -16/26 HPs)
             Began as a Spriggan Assassin on June 19, 2019.
             Was an Initiate of Dithmenos.
             Killed from afar by Wiebster667's ghost (30 damage)
             ... with a stone arrow
             ... on level 4 of the Dungeon.
             The game lasted 00:09:05 (3536 turns).

forest the Covert (Spriggan Assassin)               Turns: 3536, Time: 00:09:05

Health: -16/26     AC:  3    Str:  8    XL:     5   Next: 79%
Magic:  6/6        EV: 19    Int: 13    God:    Dithmenos [......]
Gold:   189        SH:  4    Dex: 17    Spells: 3/4 levels left

rFire    . . .     SeeInvis +   a - +2 dagger
rCold    . . .     Gourm    .   (shield restricted)
rNeg     . . .     Faith    .   b - +0 robe
rPois    .         Spirit   .   (helmet restricted)
rElec    .         Reflect  +   c - +0 cloak
rCorr    .         Harm     .   (gloves unavailable)
MR       .....                  (boots unavailable)
Stlth    ++++......             k - +4 amulet of reflection
HPRegen  0.08/turn              v - ring of flight
MPRegen  0.10/turn              (no ring)

@: about to teleport, very quick
A: very small, unfitting armour, see invisible, herbivore, speed 3, slow
metabolism 2
a: Renounce Religion, Evoke Flight


You were on level 4 of the Dungeon.
You worshipped Dithmenos.
Dithmenos was noncommittal.
You were not hungry.

You visited 2 branches of the dungeon, and saw 5 of its levels.

You collected 189 gold pieces.

Inventory:

Hand Weapons
 a - a +2 dagger (weapon)
Missiles
 d - 24 poisoned darts (quivered)
 e - 2 curare-tipped darts
 h - 102 stones
Armour
 b - a +0 robe (worn)
 c - a +0 cloak (worn)
Jewellery
 k - a +4 amulet of reflection (around neck)
 v - a ring of flight (left hand)
Wands
 i - a wand of enslavement (10)
Scrolls
 g - 2 scrolls of enchant armour {unknown}
 j - a scroll of magic mapping {unknown}
 l - 2 scrolls of remove curse
 n - 2 scrolls of immolation {unknown}
 o - 2 scrolls of random uselessness {unknown}
 p - 3 scrolls of teleportation
 q - 2 scrolls of identify
 r - a scroll of fear {unknown}
 s - 2 scrolls of enchant weapon {unknown}
 u - a scroll of amnesia {unknown}
Potions
 m - a potion of cancellation
 t - a potion of curing
Comestibles
 f - 5 rations


   Skills:
 + Level 2.0 Fighting
 + Level 3.5 Short Blades
 + Level 2.8 Throwing
 + Level 3.4 Dodging
 + Level 8.3 Stealth
 + Level 0.1 Spellcasting
 + Level 0.5 Transmutations


You had 3 spell levels left.
You knew the following spells:

 Your Spells              Type           Power        Failure   Level  Hunger
a - Beastly Appendage     Tmut           #.....       26%         1    ##.....

Your spell library contained the following spells:

 Spells                   Type           Power        Failure   Level  Hunger
 Sticks to Snakes         Tmut           #.......     36%         2    ###....
 Spider Form              Tmut/Pois      #.........   63%         3    ####...
 Ice Form                 Ice/Tmut       #.......     95%         4    #####..
 Blade Hands              Tmut           #.........   100%        5    ######.


Dungeon Overview and Level Annotations

Branches:
Dungeon (4/15)             Temple (1/1) D:4

Altars:
Ashenzari
Dithmenos
Elyvilon
Fedhas
Hepliaklqana
Kikubaaqudgha
Makhleb
Nemelex Xobeh
Okawaru
Qazlal
Trog
Uskayaw
Vehumet
Yredelemnul
Zin
The Shining One

Annotations:
D:4 Wiebster667's ghost, amateur OpEE


Innate Abilities, Weirdness & Mutations

You are very small and have problems with some larger weapons.
You are too small for most types of armour.
You have supernaturally acute eyesight. (SInv)
You are a herbivore.
You cover ground extremely quickly.
You need to consume almost no food.


Message History

Aim: Wiebster667's ghost You throw a poisoned dart.
The poisoned dart barely misses Wiebster667's ghost.
Throwing (i - inventory. (/) - cycle)
d - 25 poisoned darts (quivered)
Press: ? - help, Shift-Dir - straight line, f/p - Wiebster667's ghost
Aim: Wiebster667's ghost You throw a poisoned dart.
The poisoned dart hits Wiebster667's ghost!
Wiebster667's ghost stares at you and mumbles some strange words.
The blast of sand misses you.
The phantom blinks!
Wiebster667's ghost casts a spell at you.
The blast of sand hits you!
* * * LOW HITPOINT WARNING * * *
As you read the scroll of teleportation, it crumbles to dust.
You feel strangely unstable.
It was a potion of curing.
You feel better.
Wiebster667's ghost stares at you and mumbles some strange words.
The stone arrow hits you!!
Ouch! That really hurt!
You die...

#........#...#.##
#...........#...
#########.............### .
#.....#.#.........#.....##
...#%≈≈W≈'.(............#.#.# #
...#.....#.(..........#..#.###)#
...#########...........#..##..#
.......# #.....#W##........)#
.......# #....W.@##.#...#.###
.......###.....#..##.######
.........'.....#...#.#
....<..###....###....#
####.#####...........#
#..........#...[.#...#
#........###..>..###.#
#..........#.....# .#
#...................##


You could see a phantom and Wiebster667's ghost.

Vanquished Creatures
  An ogre (D:4)
  2 orc wizards (D:3)
  2 adders
  2 oozes
  2 worms (D:3)
  2 leopard geckos
  3 orcs
  4 giant cockroaches
  5 goblins
  10 hobgoblins
  2 jackals (D:3)
  2 quokkas
  A ball python (D:1)
  A ball python skeleton (D:4)
  7 bats
  7 frilled lizards
  7 kobolds
  8 rats
68 creatures vanquished.

Notes
Turn   | Place    | Note
-------+----------+-------------------------------------------
     0 | D:1      | forest the Spriggan Assassin began the quest for the Orb.
     0 | D:1      | Reached XP level 1. HP: 10/10 MP: 2/2
    53 | D:1      | Reached skill level 6 in Stealth
   412 | D:1      | Reached XP level 2. HP: 14/14 MP: 3/3
  1410 | D:2      | Reached XP level 3. HP: 16/18 MP: 4/4
  1434 | D:2      | Reached skill level 7 in Stealth
  1908 | D:3      | Learned a level 1 spell: Beastly Appendage
  2173 | D:3      | Reached XP level 4. HP: 10/23 MP: 5/5
  2573 | D:3      | Reached XP level 5. HP: 18/26 MP: 6/6
  3233 | D:4      | Found a staircase to the Ecumenical Temple.
  3245 | Temple   | Entered the Ecumenical Temple
  3453 | Temple   | Became a worshipper of Dithmenos the Shadowed
  3478 | D:4      | Noticed a phantom
  3478 | D:4      | Noticed an ogre
  3485 | D:4      | Killed an ogre
  3485 | D:4      | Reached skill level 8 in Stealth
  3512 | D:4      | Found a runed translucent door.
  3517 | D:4      | Noticed Wiebster667's ghost (amateur OpEE)
  3536 | D:4      | Killed from afar by Wiebster667's ghost

Levels and vault maps discovered:
D:1:      lightli_arrival_windingriver, layout_loops_ring
D:2:      layout_basic, minmay_heptomino_l4
D:3:      layout_basic
D:4:      wander_river, layout_basic, minmay_temple_entry_tees,
          ebering_ghost_reflecting_pool, hangedman_decor_clover_reticule,
          minmay_increasing_density, uniq_sigmund
Temple:   eino_temple_scatter_basement

Skill      XL: |  1  2  3  4  5 |
---------------+----------------+-----
Stealth        | 6 7 8 |  8.3
Dodging        | 2 3 |  3.4
Short Blades   | 3 |  3.5
Fighting       | 2 |  2.0
Throwing       | |  2.8
Spellcasting   | |  0.1
Transmutations | |  0.5

Action                   |  1- 3 |  4- 6 || total
-------------------------+-------+-------++-------
Melee: Dagger            |   125 |    75 ||   200
Throw: Dart              |     8 |    19 ||    27
 Cast: Beastly Appendage |     1 |       ||     1
  Use: Scroll            |     4 |     1 ||     5
       Potion            |       |     1 ||     1
 Stab: Sleeping          |    17 |     5 ||    22
       Distracted        |       |     1 ||     1
Armor: Robe              |    12 |    14 ||    26
Dodge: Dodged            |    70 |    60 ||   130
Block: Other             |    10 |    18 ||    28
       Reflection        |     1 |       ||     1

Table legend:
 A = Non-vault XP
 B = Vault XP
 C = Vault XP percentage of total XP
 D = Non-vault monster count
 E = Vault monster count
 F = Vault count percentage of total count
                 A         B        C        D         E       F
            +---------+---------+-------+---------+---------+-------
      Total |     209 |     133 |  38.9 |      63 |       5 |   7.4
            +---------+---------+-------+---------+---------+-------
        D:1 |      26 |       0 |   0.0 |      15 |       0 |   0.0
        D:2 |      25 |      15 |  37.5 |      11 |       3 |  21.4
        D:3 |     154 |       0 |   0.0 |      35 |       0 |   0.0
        D:4 |       4 |     118 |  96.7 |       2 |       2 |  50.0
            +---------+---------+-------+---------+---------+-------
